 Dungeon Crawl Stone Soup version 0.29-a0-620-g13ace881f2 (webtiles) character file.

Game seed: 13690335612087593151

2496 Gorgondantess the Conjurer (level 9, -1/60 (64) HPs)
             Began as a Human Hedge Wizard on June 18, 2022.
             Was a Follower of Cheibriados.
             Shot with a sling bullet by Joseph (7 damage)
             ... on level 7 of the Dungeon.
             The game lasted 00:21:46 (8290 turns).

Gorgondantess the Conjurer (Human Hedge Wizard)     Turns: 8290, Time: 00:21:47

HP:   -1/60 (64)    AC:  5    Str: 19    XL:     9   Next: 82%
MP:   4/16          EV: 12    Int: 31    God:    Cheibriados [*.....]
Gold: 518           SH:  0    Dex: 14    Spells: 7/18 levels left

rFire   . . .      SeeInvis +   M - +0 hand axe (elec)
rCold   . . .      Faith    .   (no shield)
rNeg    . . .      Spirit   .   R - +2 leather armour "Suuqapt" {Dex+3}
rPois   +          Reflect  .   c - +0 hat
rElec   .          Harm     .   (no cloak)
rCorr   .          Rampage  .   (no gloves)
Will    .....                   (no boots)
Stlth   ++........              C - amulet of regeneration
HPRegen 1.00/turn               G - ring of Contentment {rPois Str+4 Int+4 Dex-4 SInv}
MPRegen 0.15/turn               j - +6 ring of intelligence

@: on blink cooldown, drained, very slow
A: no striking features
a: Renounce Religion, Bend Time


You were on level 7 of the Dungeon.
You worshipped Cheibriados.
Cheibriados was aware of your devotion.
You visited 2 branches of the dungeon, and saw 8 of its levels.

You collected 518 gold pieces.

Inventory:

Hand Weapons
 a - a +0 dagger
 l - a +0 long sword
 r - a +0 short sword
 v - a +0 hunting sling
 H - a +0 whip of electrocution
 M - a +0 hand axe of electrocution (weapon)
Missiles
 g - 2 throwing nets
 z - 2 poisoned darts
Armour
 c - a +0 hat (worn)
 Q - a +0 buckler
 R - the +2 leather armour "Suuqapt" (worn) {Dex+3}
   (You took it off a gnoll sergeant on level 6 of the Dungeon)

   Dex:       It affects your dexterity (+3).
Magical Staves
 h - a staff of air
Jewellery
 i - a ring of positive energy
 j - a +6 ring of intelligence (right hand)
 p - a ring of fire
 C - an amulet of regeneration (around neck)
 F - a ring of willpower
 G - the ring of Contentment (left hand) {rPois Str+4 Int+4 Dex-4 SInv}
   (You found it on level 4 of the Dungeon)

   [ring of see invisible]

   Str:       It affects your strength (+4).
   Int:       It affects your intelligence (+4).
   Dex:       It affects your dexterity (-4).
   rPois:     It protects you from poison.
   SInv:      It lets you see invisible.
Wands
 A - a wand of flame (15)
 P - a wand of paralysis (10)
Scrolls
 b - 3 scrolls of vulnerability {unknown}
 m - 2 scrolls of teleportation {unknown}
 n - 8 scrolls of identify {unknown}
 t - 2 scrolls of immolation {unknown}
 u - a scroll of summoning {unknown}
 w - 2 scrolls of enchant armour {unknown}
 y - 2 scrolls of blinking {unknown}
 B - a scroll of brand weapon {unknown}
 E - 2 scrolls of fog {unknown}
 K - a scroll of magic mapping {unknown}
 N - 2 scrolls of noise {unknown}
 O - a scroll of amnesia {unknown}
Potions
 d - a potion of magic
 e - a potion of cancellation {unknown}
 f - 2 potions of brilliance {unknown}
 k - a potion of flight {unknown}
 q - a potion of haste {unknown}
 s - a potion of invisibility {unknown}
 x - 6 potions of heal wounds {unknown}
 D - a potion of berserk rage {unknown}
 I - a potion of curing {unknown}
 J - 3 potions of lignification {unknown}
 L - 2 potions of mutation {unknown}


   Skills:
 + Level 3.3 Fighting
 - Level 1.7 Short Blades
 + Level 2.4(2.5) Axes
 - Level 0.8(1.7) Maces & Flails
 + Level 1.8 Armour
 + Level 2.1 Dodging
 + Level 3.6 Stealth
 * Level 0.6 Shields
 + Level 5.0 Spellcasting
 * Level 6.5 Conjurations
 + Level 4.7 Summonings
 - Level 3.3 Translocations
 - Level 1.0 Fire Magic
 - Level 2.0 Air Magic
 - Level 1.0 Poison Magic
 + Level 2.1 Invocations
 - Level 2.0 Evocations


You had 7 spell levels left.
You knew the following spells:

 Your Spells              Type           Power      Damage    Failure   Level
a - Magic Dart            Conj           100%       1d8       1%          1
b - Call Imp              Summ           37%        N/A       1%          2
c - Blink                 Tloc           56%        N/A       2%          2
d - Mephitic Cloud        Conj/Pois/Air  27%        N/A       5%          3
e - Conjure Flame         Conj/Fire      31%        6-21      4%          3

Your spell library contained the following spells:

 Spells                   Type           Power      Damage    Failure   Level
 Apportation              Tloc           56%        N/A       1%          1
 Summon Small Mammal      Summ           100%       N/A       1%          1
 Gell's Gravitas          Tloc           28%        N/A       4%          3
 Lesser Beckoning         Tloc           28%        N/A       4%          3
 Teleport Other           Tloc           28%        N/A       4%          3
 Necrotize                Necr           28%        1d5       6%          1
 Slow                     Hex            28%        N/A       6%          1
 Portal Projectile        Hex/Tloc       36%        N/A       10%         3
 Ozocubu's Armour         Ice            7%         N/A       19%         3
 Tukima's Dance           Hex            7%         N/A       19%         3
 Blade Hands              Tmut           3%         N/A       87%         5
 Metabolic Englaciation   Hex/Ice        3%         N/A       87%         5
 Simulacrum               Ice/Necr       3%         N/A       100%        6


Dungeon Overview and Level Annotations

Branches:
Dungeon (7/15)             Temple (1/1) D:5

Altars:
Ashenzari
Cheibriados
Dithmenos
Elyvilon
Hepliaklqana
Kikubaaqudgha
Makhleb
Nemelex Xobeh
Okawaru
Qazlal
Ru
Sif Muna
Trog
Uskayaw
Wu Jian
Xom
Yredelemnul
Zin
The Shining One

Annotations:
D:6 2 runed translucent doors
D:7 Joseph


Message History

The stinking cloud engulfs Joseph but does no damage.
Joseph is moderately wounded.
The stinking cloud engulfs you but does no damage.
Joseph is engulfed in noxious fumes.
Joseph hits you with a +2 quarterstaff of draining!
* * * LOW HITPOINT WARNING * * *
You feel drained.
* * * LOW HITPOINT WARNING * * *
Unknown command.
Unknown command.
Casting: Mephitic Cloud (dangerous; 5% risk of failure)
Confirm with . or Enter, or press ? or * to list all spells.
You don't know that spell.
Casting: Mephitic Cloud (dangerous; 5% risk of failure)
Confirm with . or Enter, or press ? or * to list all spells.
Okay, then.
Casting: Mephitic Cloud (dangerous; 5% risk of failure)
Confirm with . or Enter, or press ? or * to list all spells.
You blink.
Joseph is engulfed in noxious fumes.
Joseph unwields a +2 quarterstaff of draining.
Joseph wields a +2 hunting sling of freezing.
It is covered in frost.
Joseph shoots a sling bullet.
The sling bullet closely misses you.
Casting: Blink (safe; 2% risk of failure)
Confirm with . or Enter, or press ? or * to list all spells.
Aiming: Mephitic Cloud (dangerous; 5% risk of failure)
Press: ? - help, Shift-Dir - straight line, f/p - Joseph
Aim: Joseph, wielding a +2 hunting sling of freezing, wearing a +0 ring mail and carrying a wand of polymorph (4) (noxious fumes, moderately wounded, chance to affect: 72%)
Okay, then.
Casting: Mephitic Cloud (dangerous; 5% risk of failure)
Confirm with . or Enter, or press ? or * to list all spells.
Aiming: Mephitic Cloud (dangerous; 5% risk of failure)
Press: ? - help, Shift-Dir - straight line, f/p - Joseph
Aim: Joseph, wielding a +2 hunting sling of freezing, wearing a +0 ring mail and carrying a wand of polymorph (4) (noxious fumes, moderately wounded, chance to affect: 72%)
The ball explodes into a vile cloud!
The stinking cloud engulfs Joseph but does no damage.
Joseph is moderately wounded.
Joseph is engulfed in noxious fumes.
Joseph shoots a sling bullet.
The sling bullet hits you!
You die...

#............#.# ##.##
#............#.#
#..#######
##............#.#
#........#
...........####○#
#...####.# ..##########
#@# #...#..#.# ..#
...####☼######..#..#.#
..# ...........#
#..#..#.# ..#
...........####....#.#
..#
#.......@..##......#.#
###
#..........##.#...##.###
####+########.#...##...#
#######.#...####.#
........#.#.## #.#
######..#.#.>###.##
#..#.#..#.....
#####..#.#..######
#.......<#..# #


You could see Joseph.

Vanquished Creatures
  Pikel (D:5)
  Prince Ribbit (D:5)
  A water moccasin (D:5)
  A sky beast (D:6)
  An ice beast (D:6)
  A black bear (D:6)
  An ogre (D:4)
  2 lemures (D:5)
  A phantom (D:6)
  Blork the orc (D:5)
  3 bullfrogs
  A gnoll sergeant (D:6)
  3 scorpions
  3 killer bees (D:6)
  2 jellies
  2 orc priests (D:5)
  5 hounds
  Jessica (D:3)
  4 iguanas (D:6)
  2 orc wizards
  6 gnolls
  6 adders
  2 shadow imps
  2 white imps
  A worm (D:2)
  A dart slug (D:1)
  16 orcs
  5 endoplasms
  4 giant cockroaches
  8 goblins
  4 hobgoblins
  6 jackals
  8 kobolds
  2 quokkas
  5 ball pythons
  3 bats
  5 frilled lizards (D:1)
  5 rats
126 creatures vanquished.

Vanquished Creatures (collateral kills)
  A killer bee (D:6)
1 creature vanquished.

Grand Total: 127 creatures vanquished

Notes
Turn   | Place    | Note
-------+----------+-------------------------------------------
     0 | D:1      | Gorgondantess the Human Hedge Wizard began the quest for
                  | the Orb.
     0 | D:1      | Reached XP level 1. HP: 13/13 MP: 4/4
   622 | D:1      | Reached XP level 2. HP: 19/19 MP: 3/6
   661 | D:1      | Learned a level 2 spell: Call Imp
   664 | D:1      | Learned a level 2 spell: Blink
   916 | D:1      | Reached skill level 1 in Air Magic
   972 | D:1      | Reached skill level 1 in Evocations
   972 | D:1      | Reached XP level 3. HP: 20/24 MP: 1/7
  1113 | D:1      | Learned a level 3 spell: Mephitic Cloud
  1352 | D:1      | Reached skill level 2 in Conjurations
  2133 | D:2      | Found a faded altar of an unknown god.
  2329 | D:3      | Reached XP level 4. HP: 30/30 MP: 6/8
  2823 | D:3      | Noticed Jessica
  2843 | D:3      | Killed Jessica
  3012 | D:3      | Reached XP level 5. HP: 29/35 MP: 2/9
  3087 | D:3      | Reached skill level 1 in Poison Magic
  3848 | D:4      | Reached skill level 3 in Conjurations
  3922 | D:4      | Reached XP level 6. HP: 41/41 MP: 1/11
  3980 | D:4      | Noticed an ogre
  4205 | D:4      | HP: 1/41 [hound (3)]
  4206 | D:4      | Killed an ogre
  4592 | D:4      | Reached skill level 4 in Conjurations
  4592 | D:4      | Reached XP level 7. HP: 42/46 MP: 12/12
  4599 | D:4      | Learned a level 3 spell: Conjure Flame
  4749 | D:4      | Identified the ring of Contentment {rPois Str+4 Int+4 Dex-4
                  | SInv}
  5014 | D:5      | Entered Level 5 of the Dungeon
  5021 | D:5      | Noticed Pikel
  5093 | D:5      | HP: 1/47 [Pikel/+0 whip of electrocution (14)]
  5099 | D:5      | Killed Pikel
  5100 | D:5      | Reached skill level 1 in Fighting
  5100 | D:5      | Reached skill level 1 in Short Blades
  5100 | D:5      | Reached skill level 5 in Conjurations
  5100 | D:5      | Reached skill level 1 in Fire Magic
  5100 | D:5      | Reached XP level 8. HP: 8/54 MP: 2/14
  5352 | D:5      | Found a burning altar of Makhleb.
  5352 | D:5      | Found a hazy altar of Hepliaklqana.
  5447 | D:5      | Found a staircase to the Ecumenical Temple.
  5465 | Temple   | Entered the Ecumenical Temple
  5504 | Temple   | Became a worshipper of Cheibriados the Contemplative
  5738 | D:5      | Found a hide-covered altar of Uskayaw.
  5904 | D:5      | Found a stormy altar of Qazlal.
  5943 | D:5      | Noticed Prince Ribbit
  5965 | D:5      | Killed Prince Ribbit
  5966 | D:5      | Reached skill level 1 in Axes
  6089 | D:5      | Reached XP level 9. HP: 62/62 MP: 11/15
  6206 | D:5      | Noticed Blork the orc
  6217 | D:5      | Killed Blork the orc
  6874 | D:6      | Found a runed translucent door.
  6876 | D:6      | Found a runed translucent door.
  7052 | D:6      | Reached skill level 6 in Conjurations
  7053 | D:6      | Identified the +2 leather armour "Suuqapt" {Dex+3}
  7073 | D:6      | Reached skill level 1 in Invocations
  7183 | D:6      | Reached * piety under Cheibriados
  7184 | D:6      | Reached skill level 1 in Armour
  7409 | D:6      | Found an ancient bone altar of Kikubaaqudgha.
  7595 | D:6      | Found a shimmering blue altar of Sif Muna.
  7745 | D:6      | Found a shadowy altar of Dithmenos.
  7827 | D:6      | Identified the +1 scale mail of the Hills {-Cast rPois
                  | Will+}
  8050 | D:7      | Reached skill level 5 in Spellcasting
  8279 | D:7      | Noticed Joseph
  8290 | D:7      | Shot with a sling bullet by Joseph

Illustrated notes

Levels and vault maps discovered:
D:1:      lemuel_arrival_tunnels, layout_loops_ring
D:2:      layout_rooms, shapermc_ecumenical_altar_mp_vishouse
D:3:      layout_basic, serial_curves, eino_curves_02, eino_curves_02,
          minivault_23, dk_noncrumbling_3, grunt_decor_one_mirror, uniq_jessica
D:4:      layout_cave_pools, corexii_item_surrounded_by_moat
D:5:      layout_basic, grunt_qazlal_sundering, nicolae_uskayaw_suspiria,
          jmf_multi_god_temple, minmay_temple_entry_antechambers,
          uniq_blork_the_orc, uniq_pikel, uniq_prince_ribbit1
D:6:      lemuel_insect_pit, layout_loops_cross, kiku_gazebo_pond_becter,
          overflow_temple_1_default, nicolae_dithmenos_the_darkroom
D:7:      layout_basic, minivault_24, uniq_joseph
Temple:   minmay_temple_bridge_abc

Skill      XL: |  1  2  3  4  5  6  7  8  9 |
---------------+----------------------------+-----
Air Magic      | 1 2 |  2.0
Evocations     | 1 2 |  2.0
Conjurations   | 2 3 4 5 6 |  6.5
Poison Magic   | 1 |  1.0
Summonings     | 2 3 4 |  4.7
Fighting       | 1 2 3 |  3.3
Short Blades   | 1 |  1.7
Spellcasting   | 4 5 |  5.0
Translocations | 2 3 |  3.3
Fire Magic     | 1 |  1.0
Axes           | 1 2 |  2.4
Stealth        | 3 |  3.6
Invocations    | 2 |  2.1
Armour         | 1 |  1.8
Maces & Flails | |  0.8
Dodging        | |  2.1
Shields        | |  0.6

Action                   |  1- 3 |  4- 6 |  7- 9 || total
-------------------------+-------+-------+-------++-------
Melee: Staff             |    36 |    39 |       ||    75
       Short sword       |       |    30 |    42 ||    72
       Hand axe          |       |       |   125 ||   125
       Whip              |       |       |    19 ||    19
 Fire: Hunting sling     |       |       |    22 ||    22
Throw: Dart              |       |     2 |       ||     2
 Cast: Magic Dart        |    84 |    68 |    65 ||   217
       Mephitic Cloud    |       |     7 |    36 ||    43
       Blink             |       |     1 |     5 ||     6
       Conjure Flame     |       |       |     4 ||     4
       Call Imp          |       |       |     4 ||     4
 Stab: Sleeping          |     1 |     1 |     1 ||     3
       Confused          |       |     4 |    12 ||    16
Armor: Robe              |     1 |       |       ||     1
       Leather armour    |     5 |    11 |    28 ||    44
Dodge: Dodged            |    32 |    51 |   103 ||   186

Table legend: (Time is in decaauts)
 A = Elapsed time spent in this place.
 B = Non-inter-level travel time spent in this place.
 C = Inter-level travel time spent in this place.
 D = Time resting spent in this place.
 E = Time spent auto-exploring this place.
 F = Levels seen in this place.
 G = Mean time per level.
                   A        B        C        D        E       F      G
               +--------+--------+--------+--------+--------+-----+--------+
         Total |   8995 |   8587 |    408 |   1011 |   6030 |   8 | 1124.4 |
       Dungeon |   8928 |   8520 |    408 |   1011 |   6006 |   7 | 1275.4 |
        Temple |     67 |     67 |      0 |      0 |     24 |   1 |   67.0 |
               +--------+--------+--------+--------+--------+-----+--------+

Top non-repeatable levels by time:
     D:5: 1938 daAuts
     D:3: 1630 daAuts
     D:6: 1418 daAuts
     D:4: 1212 daAuts
     D:1: 1127 daAuts
     D:2: 1062 daAuts
     D:7: 537 daAuts
  Temple: 67 daAuts
